Dernière mise à jour: 2025-12-07 16:11:59
% Time on Ice - ANAHEIM OUTLAWS
Lines # - Real PCT - Wanted PCT - Time Play
Normal Forward
1 - 27% - 36% - 14:54
2 - 31% - 31% - 16:57
3 - 12% - 23% - 6:30
4 - 30% - 10% - 16:13
Normal Defense
1 - 33% - 36% - 18:00
2 - 31% - 31% - 16:57
3 - 30% - 23% - 16:14
4 - 6% - 10% - 3:23
PP Forward
1 - 0% - 55%
2 - 0% - 45%
PP Defense
1 - 0% - 55%
2 - 0% - 45%
PK Forward
1 - 57% - 55% - 3:05
2 - 43% - 45% - 2:21
PK Defense
1 - 66% - 55% - 3:36
2 - 34% - 45% - 1:50
PK3 Forward
1 - 0% - 55%
2 - 0% - 45%
PK3 Defense
1 - 0% - 55%
2 - 0% - 45%
44 Forward
1 - 0% - 55%
2 - 0% - 45%
44 Defense
1 - 0% - 55%
2 - 0% - 45%
Last Minute Offensive  - 0:00
Last Minute Defensive  - 0:00
Total
Forward - 60:00
Defense - 60:00
% Time on Ice - KANSAS CITY KILLERBEES
Lines # - Real PCT - Wanted PCT - Time Play
Normal Forward
1 - 33% - 35% - 18:04
2 - 33% - 33% - 18:04
3 - 25% - 27% - 13:28
4 - 9% - 5% - 4:58
Normal Defense
1 - 39% - 37% - 21:21
2 - 34% - 33% - 18:31
3 - 23% - 24% - 12:24
4 - 4% - 6% - 2:18
PP Forward
1 - 53% - 55% - 2:54
2 - 47% - 45% - 2:32
PP Defense
1 - 59% - 60% - 3:12
2 - 41% - 40% - 2:14
PK Forward
1 - 0% - 55%
2 - 0% - 45%
PK Defense
1 - 0% - 55%
2 - 0% - 45%
PK3 Forward
1 - 0% - 55%
2 - 0% - 45%
PK3 Defense
1 - 0% - 55%
2 - 0% - 45%
44 Forward
1 - 0% - 55%
2 - 0% - 45%
44 Defense
1 - 0% - 55%
2 - 0% - 45%
Last Minute Offensive  - 0:00
Last Minute Defensive  - 0:00
Total
Forward - 60:00
Defense - 60:00
Play-by-Play 1st period 0:01 of 1st period - Adrian Kempe wins face-off versus Filip Forsberg in neutral zone. 0:12 of 1st period - Shot by Jordan Kyrou. 0:12 of 1st period - Stopped by Jacob Markstrom with a rebound. 0:24 of 1st period - Shot by Morgan Rielly. 0:24 of 1st period - Shot Misses the Net. 0:37 of 1st period - Kevin Fiala is hit by Mattias Ekholm and loses puck. 1:10 of 1st period - Icing by Oliver Ekman-Larsson. 1:11 of 1st period - Nicholas Paul wins face-off versus Pierre Engvall in ANAHEIM OUTLAWS zone. 1:23 of 1st period - Shot by Philipp Kurashev. 1:23 of 1st period - Stopped by Jacob Markstrom without a rebound. 1:24 of 1st period - Pius Suter wins face-off versus Boone Jenner in ANAHEIM OUTLAWS zone. 1:24 of 1st period - Pius Suter is hit by Brock Boeser. 1:48 of 1st period - Ryan Johnson is hit by Boone Jenner and loses puck. 2:00 of 1st period - Shot by Brock Boeser. 2:00 of 1st period - Shot Misses the Net. 2:34 of 1st period - Shot by Fabian Zetterlund. 2:34 of 1st period - Stopped by Jacob Markstrom without a rebound. 2:35 of 1st period - Morgan Barron wins face-off versus Michael Rasmussen in ANAHEIM OUTLAWS zone. 2:36 of 1st period - Shot by Alexis Lafreniere. 2:36 of 1st period - Shot Misses the Net. 2:39 of 1st period - Icing by Oliver Ekman-Larsson. 2:40 of 1st period - Michael Rasmussen wins face-off versus Nicholas Paul in ANAHEIM OUTLAWS zone. 3:07 of 1st period - Shot by Philipp Kurashev. 3:07 of 1st period - Stopped by Jacob Markstrom with a rebound. 3:12 of 1st period - Henri Jokiharju is hit by Fabian Zetterlund and loses puck. 3:17 of 1st period - Janis Moser is hit by Michael Rasmussen and loses puck. 3:43 of 1st period - Off-side. 3:44 of 1st period - Pius Suter wins face-off versus Filip Forsberg in neutral zone. 4:22 of 1st period - Shot by Chris Kreider. 4:22 of 1st period - Goal by Chris Kreider - ANAHEIM OUTLAWS : 0 - KANSAS CITY KILLERBEES : 1. 4:23 of 1st period - Boone Jenner wins face-off versus Adrian Kempe in neutral zone. 4:42 of 1st period - Shot by Connor Bedard. 4:42 of 1st period - Stopped by Jacob Markstrom with a rebound. 5:00 of 1st period - Shot by Brock Boeser. 5:00 of 1st period - Shot Misses the Net. 5:02 of 1st period - Shot by Sean Walker. 5:02 of 1st period - Shot Misses the Net. 5:04 of 1st period - Shot by Boone Jenner. 5:04 of 1st period - Stopped by Jacob Markstrom without a rebound. 5:05 of 1st period - Jeff Skinner wins face-off versus Morgan Barron in ANAHEIM OUTLAWS zone. 5:05 of 1st period - Jeff Skinner is hit by Nicolas Aube-Kubel. 5:18 of 1st period - Ivan Provorov is hit by Oliver Ekman-Larsson and loses puck. 5:19 of 1st period - Minor Penalty to Oliver Ekman-Larsson for High sticking. 5:20 of 1st period - Connor Bedard wins face-off versus Adrian Kempe in ANAHEIM OUTLAWS zone. 6:41 of 1st period - Shot by Jordan Kyrou. 6:41 of 1st period - Shot Blocked by Jeff Skinner. 6:43 of 1st period - Shot by Philipp Kurashev. 6:43 of 1st period - Shot Blocked by Henri Jokiharju. 6:45 of 1st period - Shot by Boone Jenner. 6:45 of 1st period - Shot Misses the Net. 6:47 of 1st period - Shot by Boone Jenner. 6:47 of 1st period - Goal by Boone Jenner - ANAHEIM OUTLAWS : 0 - KANSAS CITY KILLERBEES : 2. 6:48 of 1st period - Morgan Barron wins face-off versus Pius Suter in neutral zone. 7:20 of 1st period - Shot by Sean Walker. 7:20 of 1st period - Shot Misses the Net. 7:22 of 1st period - Shot by K'Andre Miller. 7:22 of 1st period - Stopped by Jacob Markstrom without a rebound. 7:23 of 1st period - Nicholas Paul wins face-off versus Jeff Skinner in ANAHEIM OUTLAWS zone. 7:30 of 1st period - Shot by Fabian Zetterlund. 7:30 of 1st period - Stopped by Jacob Markstrom without a rebound. 7:31 of 1st period - Filip Forsberg wins face-off versus Adrian Kempe in ANAHEIM OUTLAWS zone. 7:38 of 1st period - Shot by Kevin Fiala. 7:38 of 1st period - Shot Misses the Net. 7:44 of 1st period - Shot by Adrian Kempe. 7:44 of 1st period - Shot Misses the Net. 7:46 of 1st period - Shot by Michael Rasmussen. 7:46 of 1st period - Shot Misses the Net. 7:48 of 1st period - Shot by Michael Rasmussen. 7:48 of 1st period - Stopped by Ilya Samsonov with a rebound. 7:50 of 1st period - Shot by Morgan Rielly. 7:50 of 1st period - Stopped by Ilya Samsonov without a rebound. 7:51 of 1st period - Jeff Skinner wins face-off versus Boone Jenner in KANSAS CITY KILLERBEES zone. 7:59 of 1st period - Michael Bunting is hit by K'Andre Miller. 8:17 of 1st period - Shot by Brock Boeser. 8:17 of 1st period - Shot Blocked by Henri Jokiharju. 8:19 of 1st period - Shot by Boone Jenner. 8:19 of 1st period - Deflect By Brock Boeser. 8:19 of 1st period - Stopped by Jacob Markstrom without a rebound. 8:20 of 1st period - Adrian Kempe wins face-off versus Filip Forsberg in ANAHEIM OUTLAWS zone. 8:43 of 1st period - Shot by Adrian Kempe. 8:43 of 1st period - Shot Misses the Net. 8:51 of 1st period - Morgan Rielly is hit by Filip Forsberg and loses puck. 9:04 of 1st period - Shot by Chris Kreider. 9:04 of 1st period - Shot Misses the Net. 9:06 of 1st period - Shot by Mattias Ekholm. 9:06 of 1st period - Stopped by Jacob Markstrom without a rebound. 9:07 of 1st period - Pierre Engvall wins face-off versus Nicholas Paul in ANAHEIM OUTLAWS zone. 10:28 of 1st period - Pius Suter is hit by Janis Moser and loses puck. 10:33 of 1st period - Shot by Pius Suter. 10:33 of 1st period - Shot Blocked by Janis Moser. 10:56 of 1st period - Connor Bedard is hit by Michael Rasmussen and loses puck. 11:03 of 1st period - Shot by Michael Rasmussen. 11:03 of 1st period - Shot Misses the Net. 12:09 of 1st period - Shot by Filip Forsberg. 12:09 of 1st period - Shot Misses the Net. 12:11 of 1st period - Shot by Filip Forsberg. 12:11 of 1st period - Stopped by Jacob Markstrom with a rebound. 12:15 of 1st period - Shot by Jordan Kyrou. 12:15 of 1st period - Stopped by Jacob Markstrom without a rebound. 12:16 of 1st period - Pius Suter wins face-off versus Morgan Barron in ANAHEIM OUTLAWS zone. 12:16 of 1st period - Pius Suter is hit by Nicolas Aube-Kubel. 13:05 of 1st period - Kent Johnson is hit by Chris Kreider. 13:10 of 1st period - Icing by Chris Kreider. 13:11 of 1st period - Filip Forsberg wins face-off versus Adrian Kempe in KANSAS CITY KILLERBEES zone. 13:34 of 1st period - Jordan Kyrou is hit by Michael Rasmussen and loses puck. 14:30 of 1st period - Boone Jenner is hit by Oliver Ekman-Larsson and loses puck. 14:35 of 1st period - Shot by Brock Boeser. 14:35 of 1st period - Shot Misses the Net. 14:37 of 1st period - Shot by Boone Jenner. 14:37 of 1st period - Goal by Boone Jenner - ANAHEIM OUTLAWS : 0 - KANSAS CITY KILLERBEES : 3. 14:38 of 1st period - Pius Suter wins face-off versus Nicholas Paul in neutral zone. 14:45 of 1st period - Icing by Philipp Kurashev. 14:46 of 1st period - Nicholas Paul wins face-off versus Pius Suter in KANSAS CITY KILLERBEES zone. 15:07 of 1st period - K'Andre Miller is hit by Kent Johnson and loses puck. 15:31 of 1st period - Icing by Pius Suter. 15:32 of 1st period - Boone Jenner wins face-off versus Pius Suter in ANAHEIM OUTLAWS zone. 15:45 of 1st period - Shot by Brock Boeser. 15:45 of 1st period - Shot Misses the Net. 15:47 of 1st period - Shot by Boone Jenner. 15:47 of 1st period - Shot Misses the Net. 15:49 of 1st period - Shot by Justin Schultz. 15:49 of 1st period - Stopped by Jacob Markstrom with a rebound. 15:51 of 1st period - Shot by Boone Jenner. 15:51 of 1st period - Shot Hit the Post. 15:53 of 1st period - Shot by Janis Moser. 15:53 of 1st period - Stopped by Jacob Markstrom without a rebound. 15:54 of 1st period - Filip Forsberg wins face-off versus Adrian Kempe in ANAHEIM OUTLAWS zone. 15:57 of 1st period - Shot by Chris Kreider. 15:57 of 1st period - Stopped by Jacob Markstrom without a rebound. 15:58 of 1st period - Filip Forsberg wins face-off versus Adrian Kempe in ANAHEIM OUTLAWS zone. 16:21 of 1st period - Shot by Filip Forsberg. 16:21 of 1st period - Shot Misses the Net. 16:23 of 1st period - Shot by Mattias Ekholm. 16:23 of 1st period - Shot Blocked by Michael Rasmussen. 16:25 of 1st period - Shot by Ivan Provorov. 16:25 of 1st period - Deflect By Filip Forsberg. 16:25 of 1st period - Stopped by Jacob Markstrom with a rebound. 16:27 of 1st period - Shot by Jordan Kyrou. 16:27 of 1st period - Stopped by Jacob Markstrom without a rebound. 16:28 of 1st period - Connor Bedard wins face-off versus Jeff Skinner in ANAHEIM OUTLAWS zone. 16:31 of 1st period - Shot by Connor Bedard. 16:31 of 1st period - Stopped by Jacob Markstrom without a rebound. 16:32 of 1st period - Jeff Skinner wins face-off versus Boone Jenner in ANAHEIM OUTLAWS zone. 16:43 of 1st period - Off-side. 16:44 of 1st period - Jordan Kyrou wins face-off versus Michael Rasmussen in neutral zone. 16:46 of 1st period - Off-side. 16:47 of 1st period - Michael Rasmussen wins face-off versus Boone Jenner in neutral zone. 17:07 of 1st period - Jack Quinn is hit by Mattias Ekholm and loses puck. 17:22 of 1st period - Shot by Michael Rasmussen. 17:22 of 1st period - Shot Blocked by Ivan Provorov. 18:08 of 1st period - Icing by K'Andre Miller. 18:09 of 1st period - Filip Forsberg wins face-off versus Pius Suter in KANSAS CITY KILLERBEES zone. 18:30 of 1st period - K'Andre Miller is hit by Pius Suter and loses puck. 19:33 of 1st period - Shot by Philipp Kurashev. 19:33 of 1st period - Stopped by Jacob Markstrom without a rebound. 19:34 of 1st period - Jeff Skinner wins face-off versus Boone Jenner in ANAHEIM OUTLAWS zone. 19:47 of 1st period - Shot by Jeff Skinner. 19:47 of 1st period - Shot Misses the Net. Goals for this period are 0 for ANAHEIM OUTLAWS vs 3 for KANSAS CITY KILLERBEES. Shots for this period are 2 for ANAHEIM OUTLAWS vs 22 for KANSAS CITY KILLERBEES. 2nd period 0:01 of 2nd period - Nicholas Paul wins face-off versus Adrian Kempe in neutral zone. 0:06 of 2nd period - Shot by Philipp Kurashev. 0:06 of 2nd period - Stopped by Jacob Markstrom with a rebound. 0:34 of 2nd period - Shot by Adrian Kempe. 0:34 of 2nd period - Stopped by Ilya Samsonov without a rebound. 0:35 of 2nd period - Jeff Skinner wins face-off versus Filip Forsberg in KANSAS CITY KILLERBEES zone. 0:46 of 2nd period - Shot by Jeff Skinner. 0:46 of 2nd period - Stopped by Ilya Samsonov with a rebound. 1:10 of 2nd period - Shot by Filip Forsberg. 1:10 of 2nd period - Shot